 Dungeon Crawl Stone Soup version 0.29.1-2-gbd0b4ee654 (webtiles) character file.

Game seed: 8124677785298158282

2 Goreval the Sneak (level 1, -2/15 HPs)
             Began as a Naga Enchanter on Nov 16, 2022.
             Killed from afar by a dart slug (5 damage)
             ... with a slug dart
             ... on level 1 of the Dungeon.
             The game lasted 00:00:34 (69 turns).

Goreval the Sneak (Naga Enchanter)                    Turns: 69, Time: 00:00:35

Health: -2/15      AC:  1    Str: 10    XL:     1   Next: 30%
Magic:  3/3        EV:  9    Int: 15    God:
Gold:   0          SH:  0    Dex: 11    Spells: 4/4 levels left

rFire   . . .      SeeInvis +   a - +1 dagger
rCold   . . .      Faith    .   (no shield)
rNeg    . . .      Spirit   .   b - +0 robe
rPois   +          Reflect  .   (no helmet)
rElec   .          Harm     .   (no cloak)
rCorr   .          Rampage  .   (no gloves)
Will    .....                   (no barding)
Stlth   ++........              (no amulet)
HPRegen 0.05/turn               (no ring)
MPRegen 0.08/turn               (no ring)

@: short of breath, very slow
A: AC +0, large, see invisible, deformed body, poison resistance, slowness 2,
spit poison 1, naga tail 1
a: Spit Poison


You were on level 1 of the Dungeon.
You visited 1 branch of the dungeon, and saw 1 of its levels.

Inventory:

Hand Weapons
 a - a +1 dagger (weapon)
Armour
 b - a +0 robe (worn)
Potions
 c - 2 potions of invisibility
 d - 2 potions of heal wounds {unknown}


   Skills:
 * Level 1.1 Short Blades
 - Level 1.5 Dodging
 + Level 4.4 Stealth
 + Level 2.0 Spellcasting
 * Level 3.0 Hexes


You had 4 spell levels left.
You didn't know any spells.
Your spell library contained the following spells:

 Spells                   Type           Power      Damage    Failure   Level
 Ensorcelled Hibernation  Hex/Ice        12%        N/A       19%         2
 Confusing Touch          Hex            10%        N/A       19%         3
 Tukima's Dance           Hex            10%        N/A       19%         3
 Dazzling Flash           Conj/Hex       12%        N/A       34%         3


Dungeon Overview and Level Annotations

Branches:
Dungeon (1/15)

Altars:


Innate Abilities, Weirdness & Mutations

Your serpentine skin is tough. (AC +0)
You have supernaturally acute eyesight. (SInv)
Armour fits poorly on your strangely shaped body.
Your system is resistant to poisons. (rPois)
You cover ground very slowly.
You can spit poison.
You have a snake-like lower body.


Message History

No target in view!
No target in view!
No target in view!
No target in view!
No target in view!
No target in view!
No target in view!
No target in view!
No target in view!
You see here a ball python corpse.
A dart slug comes into view.
Clearing quiver. 2 rats come into view.
The rat bites you. The rat bites you.
You don't know any spells.
Aim: a dart slug (100% to hit)
The splash of poison hits the rat.
The rat is poisoned.
You kill the rat!
The dart slug launches a dart at you. The slug dart hits you.
You don't know any spells.
Unknown command.
The dart slug bites you.
You hit the dart slug. The dart slug bites you.
You completely miss the dart slug.
You have got your breath back.
You hit the dart slug. The dart slug bites you.
Aim: a dart slug (moderately wounded, 100% to hit)
Okay, then.
Aim: a rat (53% to hit)
The splash of poison hits the dart slug.
The dart slug launches a dart at you. The slug dart hits you.
* * * LOW HITPOINT WARNING * * *
You hit the dart slug. You hit the dart slug but do no damage.
The dart slug launches a dart at you. The slug dart hits you.
You die...

≈≈~~...~~~≈≈#
#........
≈≈~~~~~~~≈≈≈#
#........
≈~≈≈~~~≈≈≈≈≈#
#........
≈≈≈~~~~~≈≈≈≈#
#........
≈≈≈~≈~~~≈≈≈≈#
#........
≈≈~~~~≈~≈≈≈≈#
#........
≈≈~~≈~~~~≈≈≈#
#r.......
≈~~~≈~≈~~≈≈≈# #w#
≈≈~~≈~≈~~~≈≈# #@#
~~~≈≈~≈~~~~≈# ##.#
≈~≈≈≈~≈≈≈~≈≈# #..#
~~~~≈~~~~~~~#
##.##
............###..#
8.⌠⌠⌠>⌠⌠⌠.8.##..##
............##.##
#+###+###'####.#
........†....#


You could see a dart slug and a rat.

Vanquished Creatures
  A ball python (D:1)
  A rat (D:1)
2 creatures vanquished.

Notes
Turn   | Place    | Note
-------+----------+-------------------------------------------
     0 | D:1      | Goreval the Naga Enchanter began the quest for the Orb.
     0 | D:1      | Reached XP level 1. HP: 15/15 MP: 3/3
    69 | D:1      | Killed from afar by a dart slug

Illustrated notes

Levels and vault maps discovered:
D:1:      zaba_arrival_water, layout_basic,
          shapermc_ecumenical_altar_mp_ritualfount

Action                   || total
-------------------------++-------
Melee: Dagger            ||     7
 Abil: Spit Poison       ||     2
Dodge: Dodged            ||     1
